 Dungeon Crawl Stone Soup version 0.30.1-4-g462c640d31 (webtiles) character file.

Game seed: 12698085179619499347

2952 euginnn the Covert (level 9, -1/43 HPs)
             Began as a Spriggan Enchanter on Sept 15, 2023.
             Was a Follower of Wu Jian.
             Slain by a slime creature (14 damage)
             ... on level 8 of the Dungeon.
             The game lasted 00:43:59 (7007 turns).

euginnn the Covert (Spriggan Enchanter)             Turns: 7007, Time: 00:44:00

Health: -1/43      AC:  6    Str:  4    XL:     9   Next: 52%
Magic:  31/31      EV: 21    Int: 19    God:    Wu Jian [*.....]
Gold:   508        SH:  0    Dex: 23    Spells: 8/24 levels left

rFire   . . .        B - +1 dagger (elec)
rCold   . . .        (no shield)
rNeg    . . .        b - +2 robe
rPois   .            (helmet restricted)
rElec   .            e - +1 cloak
rCorr   .            (gloves unavailable)
SInv    +            (boots unavailable)
Will    +....        p - amulet of the acrobat
Stlth   +++++        L - +6 ring of dexterity
HPRegen 0.27/turn    k - ring of magical power
MPRegen 0.22/turn

%: acrobat
@: about to teleport, very quick
A: very small, no large weapons, unfitting armour, see invisible, speed 3
a: Renounce Religion


You were on level 8 of the Dungeon.
You worshipped Wu Jian.
Wu Jian was aware of your devotion.
You visited 2 branches of the dungeon, and saw 9 of its levels.

You collected 508 gold pieces.

Inventory:

Hand Weapons
 a - a +2 dagger of freezing
 u - a +1 short sword of venom
 B - a +1 dagger of electrocution (weapon)
 E - a +1 dagger of protection
Missiles
 g - 2 throwing nets (quivered)
 h - 36 stones
 n - 7 poisoned darts
 q - 4 boomerangs
Armour
 b - a +2 robe (worn)
 e - a +1 cloak (worn)
 G - a +0 robe of fire resistance
Magical Staves
 o - a staff of fire
Jewellery
 i - a ring of poison resistance
 k - a ring of magical power (right hand)
 p - an amulet of the acrobat (around neck)
 s - a ring of poison resistance
 y - an amulet of faith
 F - a ring of magical power
 L - a +6 ring of dexterity (left hand)
 M - a ring of resist corrosion
Wands
 D - a wand of polymorph (14)
 I - a wand of mindburst (5)
Scrolls
 r - 2 scrolls of amnesia
 t - a scroll of magic mapping {unknown}
 v - 2 scrolls of fog
 x - a scroll of immolation
 A - 3 scrolls of vulnerability {unknown}
 H - a scroll of poison {unknown}
 K - 2 scrolls of blinking {unknown}
Potions
 c - 2 potions of invisibility
 d - 3 potions of heal wounds {unknown}
 f - a potion of might
 l - 2 potions of attraction
 m - a potion of lignification
 w - a potion of brilliance {unknown}
 z - 6 potions of curing
 C - 3 potions of resistance
 J - a potion of degeneration {unknown}


   Skills:
 + Level 2.8 Fighting
 + Level 6.3 Short Blades
 * Level 5.6 Dodging
 - Level 10.2 Stealth
 * Level 8.2 Spellcasting
 + Level 6.5 Hexes
 + Level 3.1 Ice Magic


You had 8 spell levels left.
You knew the following spells:

 Your Spells              Type           Power      Damage    Failure   Level
a - Ensorcelled Hibernat  Hex/Ice        52%        N/A       1%          2
b - Confusing Touch       Hex            32%        N/A       1%          3
c - Tukima's Dance        Hex            32%        N/A       1%          3
d - Dazzling Flash        Conj/Hex       40%        N/A       7%          3
e - Freeze                Ice            76%        1d8       2%          1
f - Cause Fear            Hex            16%        N/A       6%          4

Your spell library contained the following spells:

 Spells                   Type           Power      Damage    Failure   Level
 Portal Projectile        Hex/Tloc       40%        N/A       7%          3
 Summon Guardian Golem    Hex/Summ       20%        N/A       7%          3
 Ozocubu's Armour         Ice            19%        N/A       8%          3
 Fulminant Prism          Conj/Hex       10%        3d9       24%         4
 Blade Hands              Tmut           3%         N/A       94%         5
 Dragon Form              Tmut           3%         N/A       100%        7
 Discord                  Hex            16%        N/A       100%        8
 Dragon's Call            Summ           3%         N/A       100%        9


Dungeon Overview and Level Annotations

Branches:
Dungeon (8/15)             Temple (1/1) D:4
   Lair: D:8-11

Altars:
Ashenzari
Cheibriados
Elyvilon
Fedhas
Gozag
Hepliaklqana
Kikubaaqudgha
Nemelex Xobeh
Okawaru
Qazlal
Ru
Sif Muna
Trog
Uskayaw
Vehumet
Wu Jian
Xom
Yredelemnul
The Shining One

Shops:
D:2 :   D:6 [


Innate Abilities, Weirdness & Mutations

You are very small and have problems with some larger weapons.
You are too small for most types of armour.
You have supernaturally acute eyesight. (SInv)
You cover ground extremely quickly. (Speed+++)


Message History

The slime creature is lightly wounded.
You spin and attack the slime creature.
You hit the slime creature.
Lightning courses through the slime creature!
The slime creature is almost dead.
The slime creature completely misses you.
The slime creature closely misses you.
You spin and attack the slime creature.
You hit the slime creature.
Lightning courses through the slime creature!
The slime creature is moderately wounded.
A slime creature comes into view.
You spin and attack the slime creature.
You hit the slime creature.
The slime creature is moderately wounded.
Two slime creatures merge to form a large slime creature.
The slime creature closely misses you.
You spin to attack the large slime creature, but your attack speed is too slow for a blow to land.
You spin and attack the slime creature.
You barely miss the slime creature. The slime creature barely misses you.
The large slime creature hits you!!
* * * LOW HITPOINT WARNING * * *
You hit the slime creature.
Lightning courses through the slime creature!
The slime creature is moderately wounded.
You spin and attack the slime creature.
You hit the slime creature.
Lightning courses through the slime creature!
You punch the slime creature, but do no damage.
The slime creature is heavily wounded.
Two slime creatures merge to form a very large slime creature.
You spin and attack the slime creature.
You barely miss the slime creature.
You spin and attack the slime creature.
You hit the slime creature but do no damage.
The slime creature misses you.
You spin and attack the very large slime creature.
You hit the very large slime creature.
The very large slime creature is severely wounded.
Aiming: Polymorph
Press: ? - help, Shift-Dir - straight line, f - very large slime creature
Aim: a very large slime creature (severely wounded, will probably split, will become a wind drake, an elephant, or a glowing orange brain, chance to affect: 31%)
The very large slime creature evaporates and reforms as a glowing orange brain!
As you read the scroll of teleportation, it crumbles to dust.
You feel strangely unstable. The slime creature hits you!
You die...

## .. #. .## # ##.###..#. # .#
##.. #.... .## ..#
###..###..###..##
#..#####....##.........##
#.........G.............
##.......@J.............
#.........#.............
#......>.###............
#........####...........
#..#......# #..........J #
##.###.....# ##..?..?....
.######..###......##...........
#..##.....##.......#..#........
#......#...#.........###.......


You could see a slime creature and a glowing orange brain.

Vanquished Creatures
  Joseph (D:7)
  Eustachio (D:6)
  A water moccasin (D:7)
  2 orc warriors
  2 black bears
  4 ice beasts
  A sky beast (D:7)
  An ogre (D:7)
  3 phantoms
  A bullfrog (D:8)
  6 scorpions
  5 killer bees (D:8)
  3 howler monkeys (D:8)
  A jelly (D:5)
  2 orc priests
  2 iguanas
  7 orc wizards
  7 adders
  A shadow imp (D:8)
  2 white imps
  An ufetubus (D:5)
  3 worms
  A dart slug (D:3)
  28 orcs
  3 bats
  7 endoplasms
  4 giant cockroaches
  7 goblins
  7 hobgoblins
  6 jackals (D:4)
  4 kobolds
  2 quokkas
  9 ball pythons
  4 frilled lizards
  3 rats
142 creatures vanquished.

Notes
Turn   | Place    | Note
-------+----------+-------------------------------------------
     0 | D:1      | euginnn the Spriggan Enchanter began the quest for the Orb.
     0 | D:1      | Reached XP level 1. HP: 9/9 MP: 5/5
   430 | D:1      | Reached XP level 2. HP: 13/13 MP: 6/6
   641 | D:2      | Reached skill level 5 in Stealth
   811 | D:2      | Learned a level 2 spell: Ensorcelled Hibernation
   994 | D:2      | Found Bepseunk's Book Boutique.
  1026 | D:2      | Reached XP level 3. HP: 16/16 MP: 8/8
  1181 | D:2      | Learned a level 3 spell: Confusing Touch
  1260 | D:3      | Got Noirgh's Elucidation of Guile
  1265 | D:3      | Learned a level 3 spell: Tukima's Dance
  1358 | D:3      | Reached skill level 6 in Stealth
  1550 | D:3      | Reached XP level 4. HP: 20/21 MP: 8/9
  2508 | D:4      | Reached XP level 5. HP: 24/24 MP: 11/11
  2684 | D:4      | Reached skill level 7 in Stealth
  2795 | D:4      | Noticed a phantom
  2803 | D:4      | Killed a phantom
  2954 | D:4      | Reached XP level 6. HP: 28/28 MP: 13/13
  2998 | D:4      | Found a staircase to the Ecumenical Temple.
  3129 | Temple   | Entered the Ecumenical Temple
  3173 | Temple   | Became a worshipper of the Wu Jian Council
  3240 | D:5      | Entered Level 5 of the Dungeon
  3338 | D:5      | Reached skill level 8 in Stealth
  3338 | D:5      | Reached skill level 1 in Ice Magic
  3562 | D:5      | Found a stormy altar of Qazlal.
  3714 | D:5      | Reached XP level 7. HP: 32/32 MP: 15/15
  3753 | D:5      | Reached skill level 9 in Stealth
  3804 | D:5      | Reached skill level 1 in Fighting
  3804 | D:5      | Reached skill level 5 in Spellcasting
  3845 | D:5      | Reached * piety under Wu Jian
  3982 | D:5      | Found a bloodstained altar of Trog.
  4154 | D:6      | Reached skill level 10 in Stealth
  4172 | D:6      | Reached skill level 5 in Hexes
  4176 | D:6      | Learned a level 3 spell: Dazzling Flash
  4188 | D:6      | Found Upreicru's Antique Armour Emporium.
  4191 | D:6      | Reached XP level 8. HP: 37/37 MP: 17/17
  4694 | D:6      | Found an ancient bone altar of Kikubaaqudgha.
  4792 | D:6      | Noticed Eustachio
  4805 | D:6      | Killed Eustachio
  4806 | D:6      | Reached skill level 5 in Short Blades
  5051 | D:6      | Got the Anthology of Graupel
  5198 | D:7      | Learned a level 1 spell: Freeze
  5203 | D:7      | Learned a level 4 spell: Cause Fear
  5749 | D:7      | Reached XP level 9. HP: 40/42 MP: 21/21
  6097 | D:7      | Noticed Joseph
  6099 | D:7      | Killed Joseph
  6143 | D:7      | You fall into a shaft and drop 1 floor!
  6530 | D:8      | Reached skill level 5 in Dodging
  6762 | D:8      | Noticed a fire crab
  7006 | D:8      | a very large slime creature changed into a glowing orange
                  | brain
  7006 | D:8      | Noticed a glowing orange brain
  7007 | D:8      | Slain by a slime creature

Illustrated notes

Levels and vault maps discovered:
D:1:      wander_arrival_chamber, layout_rooms, serial_forest,
          infiniplex_forest_lined_2, infiniplex_forest_clump_long,
          infiniplex_forest_join, infiniplex_forest_join,
          infiniplex_forest_straight_1, infiniplex_forest_straight_2,
          infiniplex_forest_lined_room_3, infiniplex_forest_lined_ring,
          serial_bayou_crossing
D:2:      layout_rooms, serial_shops, nicolae_shop_hallway_plus
D:3:      layout_basic, minmay_increasing_density
D:4:      layout_loops_ring, minmay_temple_entry_poolview,
          hangedman_minor_gate_pass
D:5:      layout_rooms, trog_three_pillars_becter,
          nicolae_overflow_crystal_walls, corexii_shack
D:6:      layout_basic, nicolae_kikubaaqudgha_miasma_corner, serial_shops,
          nicolae_shop_tiny_waterfront, uniq_eustachio
D:7:      layout_basic, st_stairs_14, chequers_serial_rivers_large_b,
          chequers_serial_rivers_micro_b, uniq_joseph
D:8:      layout_layer_cave, minmay_lair_entry_lava
Temple:   lightli_temple_of_artemis

Skill      XL: |  1  2  3  4  5  6  7  8  9 |
---------------+----------------------------+-----
Hexes          | 4 5 6 |  6.5
Stealth        | 5 6 7 8 10 | 10.2
Spellcasting   | 3 4 5 7 8 |  8.2
Short Blades   | 2 3 4 5 6 |  6.3
Ice Magic      | 1 2 3 |  3.1
Fighting       | 1 2 |  2.8
Dodging        | 3 5 |  5.6

Action                     |  1- 3 |  4- 6 |  7- 9 || total
---------------------------+-------+-------+-------++-------
  Melee: Dagger            |    81 |   141 |   257 ||   479
         Punch             |       |       |     2 ||     2
   Cast: Ensorcelled Hiber |    13 |    27 |    14 ||    54
         Dazzling Flash    |       |       |     2 ||     2
         Confusing Touch   |       |       |     1 ||     1
Ability: Lunge             |       |     8 |    34 ||    42
         Whirlwind         |       |       |   121 ||   121
  Evoke: Wand              |       |       |     1 ||     1
    Use: Scroll            |     6 |     6 |     4 ||    16
         Potion            |       |     3 |     1 ||     4
   Stab: Sleeping          |    19 |    29 |    15 ||    63
         Invisible         |       |     9 |     2 ||    11
         Distracted        |       |       |     2 ||     2
 Armour: Robe              |    17 |    22 |    22 ||    61
  Dodge: Dodged            |    51 |   117 |   149 ||   317
